 Dungeon Crawl Stone Soup version 0.20-a0-731-gecde0bf (webtiles) character file.

2702 Gorglomux the Slinger (level 9, 0/54 HPs)
             Began as a Halfling Hunter on Feb 22, 2017.
             Was a Follower of Okawaru.
             Killed by divine providence
             ... invoked by an orc priest
              (13 damage)
             ... on level 8 of the Dungeon.
             The game lasted 00:22:22 (6394 turns).

Gorglomux the Slinger (Halfling Hunter)             Turns: 6394, Time: 00:22:23

Health: 0/54       AC:  6    Str: 13    XL:     9   Next: 97%
Magic:  3/13       EV: 14    Int: 10    God:    Okawaru [*.....]
Gold:   345        SH:  4    Dex: 17    Spells: 9/14 levels left

rFire    . . .     SeeInvis .   a - +3 hunting sling
rCold    + . .     Gourm    .   v - +0 leather armour
rNeg     . . .     Faith    .   (shield restricted)
rPois    +         Spirit   .   (no helmet)
rElec    .         Reflect  +   (no cloak)
rCorr    .         Harm     .   h - +1 pair of gloves
MR       .....                  W - +0 pair of boots
Stlth    ++........             J - +4 amulet of reflection
Regen    0.2/turn               o - ring of poison resistance
MPRegen  0.2/turn               c - ring of protection from cold

@: lethally poisoned (0 -> 0), very slightly contaminated
A: mutation resistance 1
a: Heroism, Renounce Religion


You were on level 8 of the Dungeon.
You worshipped Okawaru.
Okawaru was aware of your devotion.
You were not hungry.

You visited 2 branches of the dungeon, and saw 9 of its levels.

You collected 345 gold pieces.

Inventory:

Hand Weapons
 a - a +3 hunting sling (weapon)
 b - a +1 blowgun
 q - a +0 short sword
Missiles
 d - 56 sling bullets (quivered)
 g - 284 stones
 S - 29 poisoned needles
Armour
 h - a +1 pair of gloves (worn)
 v - a +0 leather armour (worn)
 I - a +0 buckler
 W - a +0 pair of boots (worn)
Jewellery
 c - a ring of protection from cold (left hand)
 o - a ring of poison resistance (right hand)
 s - an uncursed ring of see invisible
 D - an uncursed amulet of magic regeneration
 J - a +4 amulet of reflection (around neck)
 U - an uncursed ring of positive energy
Wands
 L - a wand of disintegration (13/24)
Scrolls
 r - 3 scrolls of remove curse
 t - 4 scrolls of recharging
 x - a scroll of enchant armour
 A - 2 scrolls of immolation
 B - a scroll of blinking
 K - a scroll of random uselessness {unknown}
 M - a scroll of amnesia
 N - a scroll of magic mapping {unknown}
 O - a scroll of fear
 Q - a scroll of fog
 T - a scroll of teleportation
Potions
 i - 2 potions of mutation
 k - 3 potions of might
 n - 2 potions of agility {unknown}
 u - 3 potions of haste
 z - a potion of berserk rage {unknown}
 F - a potion of curing {unknown}
 G - a potion of cancellation {unknown}
 H - 3 potions of degeneration
 P - 2 potions of heal wounds
 X - a potion of brilliance {unknown}
 Y - 2 potions of invisibility
 Z - a potion of magic {unknown}
Books
 w - a book of Clouds

   Spells                             Type                      Level
   a - Poisonous Vapours              Poison/Air                   2
   b - Mephitic Cloud                 Conjuration/Poison/Air       3
   c - Conjure Flame                  Conjuration/Fire             3
   d - Freezing Cloud                 Conjuration/Ice/Air          6
   e - Ring of Flames                 Charms/Fire                  7
 C - a book of Misfortune

   Spells                             Type                      Level
   a - Confusing Touch                Hexes                        1
   b - Confuse                        Hexes                        3
   c - Gell's Gravitas                Translocation                3
   d - Petrify                        Transmutation/Earth          4
   e - Metabolic Englaciation         Hexes/Ice                    5
   f - Yara's Violent Unravelling     Hexes/Transmutation          5
 E - a book of Minor Magic

   Spells                             Type                      Level
   a - Magic Dart                     Conjuration                  1
   b - Blink                          Translocation                2
   c - Call Imp                       Summoning                    2
   d - Slow                           Hexes                        2
   e - Conjure Flame                  Conjuration/Fire             3
   f - Mephitic Cloud                 Conjuration/Poison/Air       3
Comestibles
 f - 6 bread rations
 l - 7 meat rations
 m - 14 chunks of flesh
 p - a royal jelly
 V - 4 fruits


   Skills:
 - Level 1.7 Fighting
 - Level 12.0 Slings
 - Level 2.1 Dodging
 - Level 1.1 Stealth
 - Level 3.1 Spellcasting
 + Level 3.3 Conjurations
 - Level 6.3 Translocations
 + Level 3.9 Air Magic
 + Level 4.0 Poison Magic


You had 9 spell levels left.
You knew the following spells:

 Your Spells              Type           Power        Failure   Level  Hunger
d - Blink                 Tloc           N/A          4%          2    ###....
m - Mephitic Cloud        Conj/Pois/Air  #.......     24%         3    ###....


Dungeon Overview and Level Annotations

Branches:
Dungeon (8/15)             Temple (1/1) D:6
   Lair: D:8-11

Altars:
Cheibriados
Elyvilon
Fedhas
Gozag
Hepliaklqana
Makhleb
Nemelex Xobeh
Okawaru
Qazlal
Trog
Vehumet
Wu Jian
Xom
Yredelemnul
The Shining One

Shops:
D:5 [


Innate Abilities, Weirdness & Mutations

You are small and have problems with some larger weapons.
You are somewhat resistant to further mutation.


Message History

You shoot a sling bullet. The sling bullet hits the orc!
You kill the orc!
Okawaru accepts your kill.
You feel sick.
Firing (i - inventory. (,) - cycle):
d - 58 sling bullets (quivered)
Press: ? - help, Shift-Dir - straight line You shoot a sling bullet.
Firing (i - inventory. (,) - cycle):
d - 57 sling bullets (quivered)
Press: ? - help, Shift-Dir - straight line You shoot a sling bullet.
You see here 3 sling bullets.
You feel sick.
An orc priest comes into view. It is wielding a dagger.
You feel sick.
You feel sick.
The orc priest shouts!
You feel sick.
The orc priest invokes the aid of Beogh against you.
Beogh smites you!
You die...

# .. ###.#######
..........# ...
.......<..# #..
###.#####@#.# #.#
........#.#.# #.###
#..####.#.#.####...
#...#.#.##...#
#.#.#.#.##...#
#.#.#.#.##...#
#.#.#.#.##...# ##
#.#o.........# ...
o(..#......)...##.


You could see an orc priest.

Vanquished Creatures
  Grinder (D:4)
  2 hippogriffs
  Eustachio (D:3)
  Edmund (D:4)
  An ice beast (D:5)
  2 orc warriors
  An ogre (D:7)
  A black bear (D:6)
  A phantom (D:5)
  2 centaurs
  3 bullfrogs
  A scorpion (D:7)
  5 killer bees (D:7)
  3 crimson imps
  A centaur zombie (D:5)
  3 hounds
  3 centaur skeletons
  An orc priest (D:4)
  3 orc wizards
  4 worker ants
  A hound skeleton (D:4)
  3 gnolls (D:7)
  8 adders
  4 worms
  A dart slug (D:2)
  4 leopard geckos
  17 orcs
  3 ball pythons
  8 bats
  7 giant cockroaches
  7 goblins
  7 hobgoblins
  2 jackals (D:5)
  7 kobolds
  3 quokkas
  7 frilled lizards
  A quokka zombie (D:5)
  11 rats
141 creatures vanquished.

Notes
Turn   | Place    | Note
-------+----------+-------------------------------------------
     0 | D:1      | Gorglomux the Halfling Hunter began the quest for the Orb.
     0 | D:1      | Reached XP level 1. HP: 14/14 MP: 1/1
    11 | D:1      | Reached skill level 6 in Slings
    64 | D:1      | Reached XP level 2. HP: 16/19 MP: 2/2
   359 | D:1      | Reached skill level 7 in Slings
   359 | D:1      | Reached XP level 3. HP: 24/24 MP: 3/3
   947 | D:2      | Reached XP level 4. HP: 29/29 MP: 4/4
   975 | D:2      | Reached skill level 8 in Slings
  1520 | D:3      | Reached XP level 5. HP: 22/34 MP: 5/5
  1660 | D:3      | Reached skill level 9 in Slings
  1676 | D:3      | Found an ornate altar of the Wu Jian Council.
  2153 | D:4      | Noticed Eustachio
  2206 | D:3      | Killed Eustachio
  2206 | D:3      | Reached skill level 10 in Slings
  2206 | D:3      | Reached XP level 6. HP: 39/39 MP: 6/6
  2372 | D:4      | Reached skill level 11 in Slings
  2372 | D:4      | Reached XP level 7. HP: 37/44 MP: 7/7
  2997 | D:4      | Reached skill level 12 in Slings
  3037 | D:4      | Noticed Edmund
  3057 | D:4      | Killed Edmund
  3057 | D:4      | Reached skill level 1 in Spellcasting
  3144 | D:4      | Noticed Grinder
  3157 | D:4      | Killed Grinder
  3157 | D:4      | Reached skill level 3 in Spellcasting
  3157 | D:4      | Reached XP level 8. HP: 30/49 MP: 9/12
  3161 | D:4      | Learned a level 2 spell: Blink
  3450 | D:4      | Reached skill level 1 in Translocations
  3530 | D:5      | Entered Level 5 of the Dungeon
  3679 | D:5      | Reached skill level 3 in Translocations
  4214 | D:5      | Found a stormy altar of Qazlal.
  4267 | D:5      | Found Ydwim's Antique Armour Shop.
  4623 | D:6      | Reached XP level 9. HP: 54/54 MP: 13/13
  4688 | D:6      | Learned a level 3 spell: Mephitic Cloud
  4733 | D:6      | Reached skill level 6 in Translocations
  5186 | D:6      | Found a staircase to the Ecumenical Temple.
  5259 | Temple   | Entered the Ecumenical Temple
  5282 | Temple   | Became a worshipper of Warmaster Okawaru
  5497 | D:7      | Reached skill level 1 in Conjurations
  5497 | D:7      | Reached skill level 1 in Air Magic
  5497 | D:7      | Reached skill level 1 in Poison Magic
  5630 | D:7      | Found a basalt altar of Yredelemnul.
  5630 | D:7      | Found a glowing golden altar of the Shining One.
  5630 | D:7      | Found a hazy altar of Hepliaklqana.
  5630 | D:7      | Found a white marble altar of Elyvilon.
  5665 | D:7      | Found a sparkling altar of Nemelex Xobeh.
  5838 | D:7      | Noticed a hippogriff
  5870 | D:7      | Killed a hippogriff
  5870 | D:7      | Reached * piety under Okawaru
  5870 | D:7      | Reached skill level 3 in Air Magic
  5870 | D:7      | Reached skill level 3 in Poison Magic
  6284 | D:8      | Reached skill level 3 in Conjurations
  6328 | D:8      | Noticed a hippogriff
  6349 | D:8      | Killed a hippogriff
  6394 | D:8      | Killed from afar by an orc priest

Vault maps used:
D:1:      evilmike_arrival_run_for_it, nrook_loot_triangle
D:2:      minmay_misc_feat_square
D:3:      marbit_many_paths
D:4:      first_bread, guppyfry_early_orc_mine, uniq_eustachio, uniq_grinder,
          uniq_edmund
D:5:      nicolae_qazlal_eye_of_the_storm, serial_shops,
          nicolae_shop_overgrown_old_shop
D:6:      lemuel_temple_firewalk_a, grunt_ministairs_1
D:7:      chequers_temple_overflow_statue_of_worship, basic_altar
D:8:      due_megacathedral
Temple:   eino_temple_scatter_basement

Skill      XL: |  1  2  3  4  5  6  7  8  9 |
---------------+----------------------------+-----
Slings         | 6 7 8 10 11 12 | 12.0
Spellcasting   | 3 |  3.1
Translocations | 5 6 |  6.3
Conjurations   | 3 |  3.3
Air Magic      | 3 |  3.9
Poison Magic   | 4 |  4.0
Fighting       | |  1.7
Dodging        | |  2.1
Stealth        | |  1.1

Action                   |  1- 3 |  4- 6 |  7- 9 || total
-------------------------+-------+-------+-------++-------
 Fire: Hunting sling     |   111 |   148 |   356 ||   615
       Blowgun           |       |       |    41 ||    41
 Cast: Blink             |       |       |    16 ||    16
       Mephitic Cloud    |       |       |     2 ||     2
  Use: Scroll            |       |       |    17 ||    17
  Eat: Chunk             |       |     4 |    13 ||    17
Armor: Leather armour    |     8 |    10 |     5 ||    23
Dodge: Dodged            |    21 |    41 |    57 ||   119
Block: Other             |       |       |    10 ||    10
       Reflection        |       |       |     3 ||     3
